AoeStats
← Horde

Enclosed

505249159Analyzed
1v1 RM · 23d ago on Sep 8, 2026· 72m 42s· 2 players
Game mode
Random Map
Map size
Tiny (2 player)
Population
200
Speed
Normal
Resources
Standard
Victory
Conquest
Starting age
Dark Age
Ending age
Imperial Age
RankedLock teamsTeams togetherTeam positionsShared explorationLock speedFull tech treeHidden civsTurbo modeCheats
Victory
Defeat
🇲🇳 Portuguese · Mongolia
1039
+16
🇲🇽 Koreans · Mexico
1035
-16
Cid Hitokiri
11:58 Feudal Age
16:51 Castle Age
17:07 Double-Bit Axe
17:42 Fletching
19:32 Loom
23:27 Ballistics
25:05 Bodkin Arrow
28:00 Wheelbarrow
32:27 Imperial Age
30:40 Stone Mining
30:49 Gold Mining
31:18 Murder Holes
31:49 Masonry
32:15 Horse Collar
32:47 Bow Saw
32:29 Town Watch
33:32 Conscription
35:01 Bracer
36:39 Eupseong
37:53 Chemistry
38:08 Two-Man Saw
37:09 Heavy Plow
37:06 Heavy Rocket Cart
42:55 Elite War Wagon
65:49 Thumb Ring
Horde
7:01 Loom
10:41 Feudal Age
14:47 Castle Age
15:02 Bloodlines
16:41 Double-Bit Axe
22:02 Horse Collar
22:35 Bow Saw
23:06 Stone Mining
24:36 Wheelbarrow
24:32 Gold Mining
28:06 Hand Cart
29:05 Husbandry
29:55 Town Watch
32:06 Murder Holes
32:21 Masonry
35:05 Imperial Age
34:21 Forging
33:35 Light Cavalry
37:16 Iron Casting
36:42 Scale Mail Armor
36:47 Scale Barding Armor
36:04 Cavalier
36:50 Town Patrol
36:58 Pikeman
37:24 Gambesons
37:24 Arson
37:00 Man-at-Arms
37:59 Heavy Plow
39:03 Blast Furnace
38:29 Halberdier
39:27 Chain Mail Armor
39:32 Chain Barding Armor
39:05 Fletching
39:42 Ballistics
40:32 Chemistry
39:35 Long Swordsman
41:30 Conscription
42:29 Chain Barding Armor
42:04 Bodkin Arrow
42:56 Crop Rotation
41:56 Two-Handed Swordsman
43:17 Arquebus
45:21 Bombard Tower
45:32 Architecture
44:43 Treadmill Crane
45:33 Bracer
54:55 Champion
57:06 Guard Tower
57:22 Siege Engineers
58:26 Crossbowman
59:12 Thumb Ring
59:47 Circumnavigation
64:14 Fortified Wall
64:40 Keep
64:57 Plate Barding Armor
64:53 Plate Mail Armor
64:24 Padded Archer Armor
66:21 Guilds
69:10 Two-Man Saw
Connection lost

Rejoining the realm…

Still unreachable

The connection could not be restored.

Session expired

The server has moved on; the page needs a fresh start.